[Event "*** Titled Tuesday Blitz"]
[Site "Chess.com"]
[Date "2021.04.27"]
[Round "11"]
[White "attack2mateU"]
[Black "MITerryble"]
[Result "1-0"]
[WhiteElo "2784"]
[BlackElo "2889"]
[TimeControl "180+1"]
[EndTime "12:04:54 PDT"]
[Termination "attack2mateU won on time"]

1. e4 e6 2. d4 d5 3. Nc3 Nf6 4. e5 Nfd7 5. f4 c5 6. Nf3 Nc6 7. Be3 Be7 8. Qd2 O-O 9. dxc5 Qa5 10. O-O-O b6 11. Bb5 Nb4 12. a3 bxc5 13. Kb1 Rb8 14. axb4 cxb4 15. Nxd5 exd5 16. Bxd7 Bxd7 17. Qxd5 Qxd5 18.
Rxd5 Bc6 19. Ra5 Rfd8 20. Rxa7 Bf8 21. b3 Rbc8 22. Bb6 Rd5 23. Nd4 Bd7 24. Rb7 h5 25. Rd1 Bf5 26. Kc1 Be4 27. Rc7 Rb8 28. Ba7 Ra8 29. Re1 Bxg2 30. e6 fxe6 31. Nxe6 Re8 32. Rg1 Rxe6 33. Rxg2 Re1+ 34. Kb2 Rdd1 35. c4 Rb1+ 36.
Kc2 Ra1 37. Bd4 Rac1+ 38. Kd3 Rcd1+ 39. Rd2 Rxd2+ 40. Kxd2 Rh1 41. c5 Rxh2+ 42. Kd3 Rh1 43. Be3 Rd1+ 44. Ke2 Rb1 45. c6 Rb2+ 46. Bd2 Rxb3 47.
Rd7 Rb2 48. Kd3 b3 49. c7 Rc2 50. Bc3 Rc1 51. c8=Q b2 52. Rxg7+ 1-0

[Event "*** Titled Tuesday Blitz"]
[Site "Chess.com"]
[Date "2021.04.27"]
[Round "11"]
[White "alejogarcia1999"]
[Black "IMRosen"]
[Result "0-1"]
[WhiteElo "2501"]
[BlackElo "2679"]
[TimeControl "180+1"]
[EndTime "12:04:54 PDT"]
[Termination "IMRosen won by resignation"]

1. Nf3 d5 2. g3 Nf6 3. Bg2 e6 4. O-O Be7 5. c4 O-O 6. cxd5 exd5 7. d3 Re8 8. Nc3 c6 9. e4 dxe4 10. dxe4 Bg4 11. h3 Bh5 12. Qc2 Bg6 13. Nh4 Nfd7 14. Nxg6 hxg6 15. Rd1 Qc7 16. Nd5 Qa5 17. Nxe7+ Rxe7 18.
Bd2 Qc7 19. Bf4 Ne5 20. Rd2 Nbd7 21. Rad1 Nf6 22. Qc3 Rae8 23. b4 Qb6 24. Be3 Qa6 25. Bc5 Re6 26. f3 g5 27. Bd4 Nh5 28. Kh2 Qb5 29.
Qb3 a5 30. Bf1 Qxb4 31. Qxb4 axb4 32. Bxe5 Rxe5 33. Rd7 R5e7 34. Bc4 Nf6 35. R7d3 b5 36. Bb3 c5 37. Bd5 c4 38. Rd4 Ra7 39. R4d2 Nxd5 40. exd5 Rea8 41. d6 Rxa2 42. d7 Rxd2+ 43. Rxd2 Rd8 44.
Rd5 b3 45. Kg2 b2 46. Rxb5 c3 47. Rc5 b1=Q 48. Rc8 Qc2+ 0-1

[Event "*** Titled Tuesday Blitz"]
[Site "Chess.com"]
[Date "2021.04.27"]
[Round "11"]
[White "Das_Virus_2020"]
[Black "mr65"]
[Result "0-1"]
[WhiteElo "2500"]
[BlackElo "2242"]
[TimeControl "180+1"]
[EndTime "12:04:54 PDT"]
[Termination "mr65 won on time"]

1. e4 e5 2. Nc3 Nf6 3. g3 Bb4 4. Nge2 O-O 5. Bg2 c6 6. O-O d5 7.
d3 dxe4 8. Nxe4 Nxe4 9. dxe4 Qxd1 10. Rxd1 Bg4 11. f3 Be6 12. Be3 Na6 13. Kf2 Bc5 14. c3 Rfd8 15. b3 Kf8 16. Bf1 Ke7 17. Ng1 Bxe3+ 18.
Kxe3 Nc5 19. Nh3 f6 20. Nf2 Rxd1 21. Rxd1 Rd8 22. Rxd8 Kxd8 23. Nd3 Nxd3 24. Bxd3 c5 25.
Bc2 a5 26. a3 b6 27. b4 axb4 28. axb4 Kc7 29. Ba4 Bc4 30. f4 Kd6 31. h4 exf4+ 32.
Kxf4 h6 33. Kf5 Ke7 34. e5 Be6+ 35. Ke4 f5+ 36. Kf4 g6 37. bxc5 bxc5 38. Bc2 Kf7 39. Bd3 Kg7 40. Be2 Kf7 41. Bf3 Kg7 42. Bc6 Kf7 43.
Bb5 Kg7 44. Be8 Bc8 45. e6 Bxe6 46. Ke5 Bb3 47. Kd6 c4 48. Ke5 Bc2 49. Bd7 Bd3 50. Be6 Bf1 51. h5 Bd3 52. Kd4 Kf6 53.
Bxc4 Bxc4 54. Kxc4 gxh5 55. Kd4 f4 0-1

[Event "*** Titled Tuesday Blitz"]
[Site "Chess.com"]
[Date "2021.04.27"]
[Round "11"]
[White "Region_07"]
[Black "ehrenfeld"]
[Result "0-1"]
[WhiteElo "2385"]
[BlackElo "2511"]
[TimeControl "180+1"]
[EndTime "12:04:55 PDT"]
[Termination "ehrenfeld won on time"]

1. d4 Nf6 2. Bg5 e6 3. Nf3 c5 4. c3 b6 5. Nbd2 Bb7 6. e3 cxd4 7. exd4 Be7 8. Be2 O-O 9. O-O d6 10. a4 a6 11. Nc4 Nbd7 12. Re1 Re8 13. Bf1 Bf8 14.
Bh4 Qc7 15. Bg3 Qc6 16. Qc2 Rad8 17. Qb3 Nh5 18. Ne3 Nxg3 19. hxg3 Qc7 20. Rad1 Rb8 21. Qc2 Nf6 22. Ng5 g6 23. Bd3 e5 24. dxe5 dxe5 25. Ne4 Nxe4 26. Bxe4 Rbd8 27. Bxb7 Qxb7 28. Rxd8 Rxd8 29.
Rd1 Rxd1+ 30. Qxd1 b5 31. axb5 axb5 32. Nd5 Kg7 33. Qd3 Qc6 34. b4 Bd6 35. g4 h6 36.
g3 Bb8 37. Kh2 Ba7 38. f4 exf4 39. gxf4 Qe6 40. f5 Qe5+ 41. Kg2 h5 42. gxh5 gxf5 43. Qg3+ Qxg3+ 44. Kxg3 Bb8+ 45. Kf3 Be5 46. Ke3 Kh6 47. Kd3 Kxh5 48. Ne7 f4 49. Nc6 Bc7 50. Ke4 Kg4 51. Nd4 f5+ 52. Nxf5 f3 53. Ne3+ Kg3 54. Kd3 Bb6 55.
Nf5+ Kh3 0-1

[Event "*** Titled Tuesday Blitz"]
[Site "Chess.com"]
[Date "2021.04.27"]
[Round "11"]
[White "ural58"]
[Black "GregShahade"]
[Result "1/2-1/2"]
[WhiteElo "2478"]
[BlackElo "2639"]
[TimeControl "180+1"]
[EndTime "12:04:57 PDT"]
[Termination "Game drawn by repetition"]

1. e4 e5 2. Bc4 Nf6 3. Nc3 Nc6 4.
d3 Bc5 5. Nf3 h6 6. Be3 Bb6 7. Qd2 d6 8. O-O-O Be6 9. Bxe6 fxe6 10.
d4 exd4 11. Nxd4 Nxd4 12. Bxd4 e5 13. Bxb6 axb6 14. f4 exf4 15. Qxf4 O-O 16. e5 Ne8 17. Qc4+ Kh8 18. Rhe1 Qg5+ 19. Kb1 dxe5 20. g3 Qe7 21. a3 Nd6 22. Qg4 c6 23. Qg6 Rf6 24. Qh5 Rf5 25. Qe2 Re8 26. Rd3 b5 27. Red1 Rf6 28. h4 Re6 29. g4 e4 30. Rh3 Nc4 31. g5 Nxa3+ 32. bxa3 Qxa3 33. Qg4 e3 34. gxh6 Qxc3 35. hxg7+ Qxg7 36. Qxg7+ Kxg7 37. Re1 Kh6 38. Rf3 Kh5 39. Rf4 Re4 40. Rf7 R8e7 41. Rf8 Kxh4 42. Rg8 Kh5 43.
Rh1+ Rh4 44. Rh8+ Kg5 45. R8xh4 e2 46. Rh5+ Kg6 47. Rh6+ Kg5 48. R6h5+ Kg6 49. Rh6+ Kg5 50. R1h5+ Kg4 51. Rh4+ Kg5 52. R6h5+ Kg6 53. Rh6+ Kg5 54. R4h5+ Kg4 55. Rh4+ Kg5 1/2-1/2

[Event "*** Titled Tuesday Blitz"]
[Site "Chess.com"]
[Date "2021.04.27"]
[Round "11"]
[White "anon6121824"]
[Black "ChristopherYoo"]
[Result "1-0"]
[WhiteElo "2831"]
[BlackElo "2926"]
[TimeControl "180+1"]
[EndTime "12:04:58 PDT"]
[Termination "anon6121824 won by checkmate"]

1. e4 c5 2. Nc3 Nc6 3. g3 e6 4. Bg2 Nf6 5. Nge2 d6 6. O-O Be7 7. d3 O-O 8. h3 Rb8 9. f4 Bd7 10.
Be3 b5 11. Qd2 b4 12. Nd1 d5 13. e5 Ne8 14. d4 Qb6 15. dxc5 Bxc5 16. Kh2 Nc7 17.
Bxc5 Qxc5 18. Nf2 Nb5 19. Nd3 Qe7 20. Rae1 Rfc8 21. f5 exf5 22. Nef4 Be6 23. Nxd5 Bxd5 24. Bxd5 Ncd4 25. Nxb4 a5 26. c3 axb4 27. cxd4 Rd8 28. Bc4 Nxd4 29. Qf2 Rbc8 30. b3 g6 31. g4 Rc6 32.
Re3 Rc5 33. Qg3 Qg5 34. gxf5 Qxg3+ 35. Rxg3 Kg7 36. fxg6 fxg6 37. Rf7+ Kh6 38. e6 Re5 39.
e7 Re8 40. Rg4 Nf5 41. Bd3 Ra5 42. Bxf5 Rxa2+ 43. Kg3 gxf5 44. Rh4+ Kg6 45. Rhxh7 Rb2 46. h4 Rxb3+ 47. Kf4 Rh3 48. Rhg7+ Kh6 49. Rh7+ Kg6 50. Rhg7+ Kh6 51. Ke5 Re3+ 52. Kf6 Kh5 53. Rg5+ Kxh4 54. Rh7# 1-0

[Event "*** Titled Tuesday Blitz"]
[Site "Chess.com"]
[Date "2021.04.27"]
[Round "11"]
[White "nocnypako"]
[Black "McCarthyStone"]
[Result "1-0"]
[WhiteElo "2535"]
[BlackElo "2346"]
[TimeControl "180+1"]
[EndTime "12:04:59 PDT"]
[Termination "nocnypako won by resignation"]

1. d4 d5 2. c4 Nc6 3. Nc3 Nf6 4. Nf3 Bg4 5. Bg5 e6 6. e3 Be7 7. Be2 O-O 8. O-O a6 9. Rc1 Rc8 10. h3 Bh5 11. c5 Nd7 12. Bf4 Bf6 13. Bg3 Ne7 14.
b4 c6 15. a4 Bxf3 16. Bxf3 e5 17. b5 axb5 18. axb5 Nf5 19. Bg4 Nxg3 20. fxg3 Ra8 21. b6 Re8 22. Qd3 Nf8 23. Ra1 Qe7 24. Kh2 Ne6 25.
Bxe6 Qxe6 26. Ne2 g6 27. Ra7 Rab8 28. dxe5 Bxe5 29. Rf3 Kg7 30. Nd4 Qe7 31. Nxc6 Qxc5 32. Nxb8 Rxb8 33. Qb3 h5 34. h4 Qc4 35. Qxc4 dxc4 36.
Rf1 c3 37. Rc1 Kf6 38. Kg1 Kf5 39. Kf2 Ke4 40. Ke2 Re8 41. Rxb7 Rd8 42. Rc7 Rd2+ 43. Kf1 Kxe3 44. R7xc3+ Bxc3 45. Rxc3+ Ke4 46. Rb3 Rd8 47. b7 Rb8 48. Kf2 f6 49. Ke2 g5 50. Kf2 Kf5 51. Kf3 g4+ 52. Ke3 Ke5 53. Rb5+ Ke6 54. Kf4 Kf7 55. Kf5 Kg7 56. Rb6 Kf7 57. Rxf6+ Kg7 1-0

[Event "*** Titled Tuesday Blitz"]
[Site "Chess.com"]
[Date "2021.04.27"]
[Round "11"]
[White "WuinaterJr"]
[Black "chessbia"]
[Result "0-1"]
[WhiteElo "2489"]
[BlackElo "2352"]
[TimeControl "180+1"]
[EndTime "12:05:02 PDT"]
[Termination "chessbia won by checkmate"]

1. e4 c6 2. d4 d5 3. Nc3 dxe4 4. Nxe4 Nf6 5. Nxf6+ exf6 6. c3 Bd6 7. Bd3 O-O 8. Ne2 Re8 9. O-O Nd7 10. Qc2 Nf8 11.
Bd2 Bg4 12. Rae1 Qc7 13. h3 Be6 14. b3 c5 15. Be3 b6 16. c4 cxd4 17. Nxd4 Bd7 18.
Nf5 Bb4 19. Rd1 Bc6 20. Qc1 Ng6 21. Bb1 Bb7 22. f3 Rad8 23. Rxd8 Rxd8 24. Rd1 Ne5 25. Rxd8+ Qxd8 26. a3 Bf8 27. b4 g6 28. Nd4 Qc7 29.
Nb5 Qb8 30. c5 bxc5 31. bxc5 Bc6 32. Nd4 Bd5 33. Ne2 Qc7 34. Nf4 Bb3 35. Qc3 Ba4 36.
Nd5 Qc6 37. Ba2 Kg7 38. Bd4 Nd7 39. Nb4 Qc7 40. c6 Ne5 41. Nd5 Qxc6 42. Bxe5 fxe5 43. Qxe5+ f6 44. Qe4 Bc5+ 45. Kh1 Bf8 46. h4 Bb5 47.
Nf4 Qc1+ 48. Kh2 Bd6 49. Qb7+ Kh6 50. Qxb5 Bxf4+ 51. Kh3 Qe1 52. Qg5+ fxg5 53. hxg5+ Kxg5 54. g3 Qxg3# 0-1

[Event "*** Titled Tuesday Blitz"]
[Site "Chess.com"]
[Date "2021.04.27"]
[Round "11"]
[White "Willhaven3"]
[Black "maximych26"]
[Result "0-1"]
[WhiteElo "2468"]
[BlackElo "2327"]
[TimeControl "180+1"]
[EndTime "12:05:02 PDT"]
[Termination "maximych26 won on time"]

1. d4 Nf6 2. Nf3 d5 3. c4 e6 4. Nc3 Nbd7 5. cxd5 exd5 6. Bf4 Bb4 7. Qb3 c5 8. e3 Qa5 9. a3 Ne4 10. Rc1 Bxc3+ 11.
bxc3 c4 12. Qb4 Qxb4 13. cxb4 O-O 14. Nd2 Nxd2 15. Kxd2 a5 16. b5 Re8 17. f3 Nf6 18. g4 a4 19. Be2 Bd7 20. Rb1 Ra5 21. b6 Bc6 22. Rhc1 Nd7 23. g5 f6 24. h4 Kf7 25. Bf1 Rea8 26. Bh3 Nf8 27. Bd6 Ne6 28. Rg1 g6 29. f4 f5 30. h5 Rg8 31. Bg2 Raa8 32.
Bf3 Rad8 33. Be5 Rde8 34. Rh1 Ke7 35. Kc3 Nf8 36. Kb4 Kd7 37. hxg6 hxg6 38. Bd1 Ra8 39. Rh6 Ke6 40. Kc3 Re8 41. Rb4 Ra8 42. Bc2 Kf7 43. Bd6 Ne6 44. Rh7+ Rg7 45. Rh6 Rgg8 46.
Be5 Nf8 47. Rb1 Ke6 48. Rbh1 Re8 49. Bc7 Kf7 50. Kb4 Ra8 51. Kc5 Ne6+ 52. Kd6 Nf8 53.
Rh7+ Nxh7 54. Rxh7+ Rg7 55. Rh6 Rgg8 56. Kc5 Rh8 57. Be5 Rxh6 58. gxh6 Kg8 59. Kd6 Kh7 60. Bg7 Rg8 61. Ke6 Re8+ 62. Kf7 Rxe3 0-1

[Event "*** Titled Tuesday Blitz"]
[Site "Chess.com"]
[Date "2021.04.27"]
[Round "11"]
[White "Vladyslav_Puchka"]
[Black "ferch1ni"]
[Result "1-0"]
[WhiteElo "2133"]
[BlackElo "2318"]
[TimeControl "180+1"]
[EndTime "12:05:02 PDT"]
[Termination "Vladyslav_Puchka won by checkmate"]

1. d4 c5 2. d5 Nf6 3. c4 g6 4. Nc3 Bg7 5. e4 d6 6. g3 e5 7.
Bg2 O-O 8. Nge2 Nh5 9. O-O f5 10. f4 fxe4 11. Nxe4 Bg4 12. h3 Bxe2 13. Qxe2 exf4 14.
Bxf4 Nxf4 15. Rxf4 Rxf4 16. gxf4 Na6 17. a3 Nc7 18. Ng5 Qf6 19. Ne6 Re8 20. Qd2 Nxe6 21. dxe6 Qd4+ 22. Qxd4 Bxd4+ 23. Kf1 Kg7 24. Bd5 Kf6 25.
Re1 Re7 26. b3 Kf5 27. Re4 a6 28. a4 b6 29. Kg2 Kf6 30. Kf3 Kf5 31. Re2 Bg7 32.
Kg3 Bh6 33. Rf2 Bg7 34. Rf1 Bc3 35. Kf3 Bd2 36. Kg3 h6 37. h4 Kf6 38. Kg4 Bc3 39. f5 h5+ 40. Kh3 g5 41. hxg5+ Kxg5 42. Kg3 Be5+ 43.
Kh3 h4 44. Be4 Bg3 45. f6 Rxe6 46. f7 Rxe4 47. f8=Q Be5 48. Qg8+ Kh6 49. Qf8+ Kg6 50. Qf5+ Kg7 51. Qxe4 b5 52. cxb5 axb5 53. axb5 d5 54. Qxd5 Bd4 55. Qe4 Kg8 56. Qg4+ Kh7 57. Qxh4+ Kg6 58.
Qg4+ Kh7 59. Kg2 Kh6 60. Rh1# 1-0

[Event "*** Titled Tuesday Blitz"]
[Site "Chess.com"]
[Date "2021.04.27"]
[Round "11"]
[White "elohunter1999"]
[Black "SF-96"]
[Result "0-1"]
[WhiteElo "2494"]
[BlackElo "2617"]
[TimeControl "180+1"]
[EndTime "12:05:03 PDT"]
[Termination "SF-96 won on time"]

1. d4 Nf6 2. c4 g6 3. Nc3 d5 4.
cxd5 Nxd5 5. e4 Nxc3 6. bxc3 Bg7 7. Bc4 c5 8. Ne2 Nc6 9. Be3 O-O 10. O-O b6 11. Rc1 Bb7 12. Qd2 Rc8 13. f3 e6 14.
Rfd1 cxd4 15. cxd4 Qe7 16. Bh6 Bxh6 17. Qxh6 Rfd8 18. d5 Na5 19. Bd3 Rxc1 20. Rxc1 exd5 21. Ng3 dxe4 22. Bxe4 Rc8 23. Re1 Qc5+ 24. Kh1 Qc3 25. Rd1 Ba6 26. Nh5 Be2 27. Rg1 Qe5 28. Ng3 Bb5 29. Rd1 Nc4 30. f4 Qb2 31. f5 Nd2 32.
f6 Qxf6 33. Qxd2 h5 34. Qh6 h4 35. Nh5 Qh8 36. Qxh8+ Kxh8 37. Nf4 Rc4 38. Bd3 Rd4 39. Be2 Rb4 40. Bxb5 Rxb5 41. h3 Rb2 42. a4 Rb4 43. Nd5 Rxa4 44. Re1 Kg7 45. Re7 Rd4 46. Nc7 Kf6 47.
Re8 a5 48. Rb8 Rd6 49. Ne8+ Ke7 50. Nxd6 Kxd6 51. Rxb6+ Kc5 52. Rb7 a4 53. Rxf7 a3 54. Rf4 Kb5 0-1

[Event "*** Titled Tuesday Blitz"]
[Site "Chess.com"]
[Date "2021.04.27"]
[Round "11"]
[White "TheKingOfTheForest"]
[Black "I_am_a_Miracle"]
[Result "0-1"]
[WhiteElo "2252"]
[BlackElo "2372"]
[TimeControl "180+1"]
[EndTime "12:05:03 PDT"]
[Termination "I_am_a_Miracle won by resignation"]

1. d4 Nf6 2. c4 e6 3. Nc3 Bb4 4. Qc2 c5 5. dxc5 O-O 6. a3 Bxc5 7.
b4 Be7 8. Nf3 a5 9. b5 d5 10. e3 b6 11. Be2 Bb7 12. O-O Nbd7 13. cxd5 Nxd5 14. Nxd5 Bxd5 15. Bb2 Rc8 16. Qd2 Nf6 17.
Rfd1 Qc7 18. Rac1 Qb7 19. Rxc8 Rxc8 20. Rc1 h6 21. h3 Ne4 22. Rxc8+ Qxc8 23. Qc1 Qxc1+ 24.
Bxc1 Nc3 25. Bd3 Be4 26. Bxe4 Nxe4 27. a4 Nc3 28. Kf1 Nxa4 29. Nd2 Nc3 30. Nc4 Bc5 31. Bb2 Nxb5 32. Ke2 f6 33. Kd3 Nd6 34. Nd2 Kf7 35. Nb3 Ke7 36. f3 Kd7 37. e4 Kc6 38. Nd2 e5 39. g3 b5 40. f4 exf4 41. gxf4 a4 42. e5 fxe5 43. Bxe5 Nc4 44. Bxg7 Nxd2 45. Kxd2 h5 46.
Ba1 Kd5 47. Kd3 b4 48. f5 a3 49. Kc2 Kc4 50. f6 b3+ 51. Kb1 Be3 52. f7 a2+ 53. Kb2 Bd4+ 54. Kc1 Bxa1 55. f8=Q b2+ 56. Kd2 b1=Q 57.
Qc8+ Kd5 58. Qd8+ Ke4 59. Qe8+ Be5 60. Qxh5 Qd3+ 61. Ke1 Qe3+ 62. Kf1 Qf3+ 63. Kg1 Qxh5 0-1

[Event "*** Titled Tuesday Blitz"]
[Site "Chess.com"]
[Date "2021.04.27"]
[Round "11"]
[White "UKR_Master"]
[Black "RobertoJBM"]
[Result "1-0"]
[WhiteElo "2521"]
[BlackElo "2720"]
[TimeControl "180+1"]
[EndTime "12:05:04 PDT"]
[Termination "UKR_Master won by resignation"]

1. e4 c6 2. Nf3 d5 3. Nc3 dxe4 4. Nxe4 Bg4 5. Bc4 e6 6. O-O Nd7 7. d4 Ndf6 8. Ng3 Bxf3 9. Qxf3 Qxd4 10. Bb3 O-O-O 11.
Be3 Qg4 12. Qxg4 Nxg4 13. Bxa7 N8f6 14. Rad1 Bd6 15. h3 Ne5 16. Rfe1 Bc7 17. Bd4 Ng6 18. Bc3 Nf4 19. Kf1 N4d5 20. Bd2 b5 21. Ne4 Nxe4 22.
Rxe4 Rd7 23. a4 Rhd8 24. axb5 cxb5 25. Ke2 Nf4+ 26. Bxf4 Rxd1 27. Be3 R1d7 28. Rh4 h6 29. Rh5 e5 30. Rf5 f6 31. Be6 Kb7 32. Bxd7 Rxd7 33. Bc1 Kc6 34. Rf3 Ba5 35. Rd3 Rc7 36. Be3 Bb4 37.
Rd8 Be7 38. Rg8 Bd6 39. g4 Kd5 40. Kd3 e4+ 41. Kd2 b4 42. Rd8 Ke6 43. Rxd6+ Kxd6 44. Bf4+ Kc6 45. Bxc7 Kxc7 46. Ke3 Kd6 47. Kxe4 Kc5 48.
c3 b3 49. Kd3 Kd5 50. c4+ Ke5 51. Kc3 g6 52. Kxb3 f5 53. gxf5 Kxf5 54. c5 g5 55. c6 Ke6 56. Kb4 Kd6 57. Kb5 Kc7 58. Kc5 h5 59. b4 g4 60. h4 1-0

[Event "*** Titled Tuesday Blitz"]
[Site "Chess.com"]
[Date "2021.04.27"]
[Round "11"]
[White "VladaSviridova"]
[Black "ErikRonka"]
[Result "0-1"]
[WhiteElo "2278"]
[BlackElo "2447"]
[TimeControl "180+1"]
[EndTime "12:05:04 PDT"]
[Termination "ErikRonka won on time"]

1. d4 d5 2. c4 e6 3. Nf3 a6 4. cxd5 exd5 5. Nc3 Nf6 6. Bg5 Be6 7. e3 Nbd7 8. Bd3 h6 9. Bh4 g5 10. Bg3 Nh5 11.
Be5 Ng7 12. O-O g4 13. Nd2 Nxe5 14. dxe5 Qg5 15. Qa4+ c6 16. Qf4 Qxf4 17. exf4 Nf5 18. Nb3 O-O-O 19. Rfd1 d4 20. Ne4 Kb8 21. Rac1 Be7 22.
Bc4 h5 23. Bxe6 fxe6 24. Rc4 Rd5 25. Nbc5 Bxc5 26. Nxc5 Ng7 27. Rdxd4 Rhd8 28. Rxd5 Rxd5 29. g3 Ka7 30. Ne4 Nf5 31. Kg2 h4 32. h3 hxg3 33.
hxg4 Nd4 34. Nxg3 b5 35. Rc1 Kb6 36. Rd1 c5 37. g5 Rd8 38. Ne4 Rg8 39. Nf6 Rg6 40.
b4 a5 41. bxc5+ Kxc5 42. Nd7+ Kc4 43. Nb6+ Kc3 44. Nd7 Ne2 45. Kf3 Nd4+ 46. Ke4 Nc2 47. Rd3+ Kb2 48. Rd2 Kc3 49. Rd6 b4 50. Rc6+ Kb2 51.
Nc5 Kxa2 52. Nb7 b3 53. Nxa5 Nb4 54. Rb6 Ka3 0-1

[Event "*** Titled Tuesday Blitz"]
[Site "Chess.com"]
[Date "2021.04.27"]
[Round "11"]
[White "Klavdia_Nik"]
[Black "chesslh19"]
[Result "1/2-1/2"]
[WhiteElo "2049"]
[BlackElo "2250"]
[TimeControl "180+1"]
[EndTime "12:05:04 PDT"]
[Termination "Game drawn - insufficient material"]

1. Nf3 d5 2. c4 e6 3. b3 Nf6 4. Bb2 Be7 5. g3 O-O 6. Bg2 b6 7. O-O Bb7 8. d4 Nbd7 9. Nc3 c5 10. cxd5 Nxd5 11. e3 Nxc3 12. Bxc3 Nf6 13. Rc1 cxd4 14. Bxd4 Rc8 15. Qe2 Ne4 16. Qb2 Bf6 17. Ne5 Bd5 18. h4 h6 19. Kh2 Nc5 20. Bxc5 bxc5 21. e4 Bb7 22. f4 Bxe5 23. Qxe5 Qd4 24. Qxd4 cxd4 25.
e5 Bxg2 26. Kxg2 Rfd8 27. Kf2 f5 28. Ke2 Rc3 29. Rxc3 dxc3 30. Rc1 Rd2+ 31. Ke3 Rxa2 32. Rxc3 Kf7 33. Kd4 Kg6 34. Kc5 Rd2 35. Kc6 Kh5 36. Kb7 Rd7+ 37. Kc6 Rd2 38. b4 Kg4 39. b5 g5 40.
hxg5 hxg5 41. fxg5 Kxg5 42. Ra3 Rc2+ 43. Kd6 Rb2 44.
Ra5 Kg4 45. Kxe6 Re2 46. Rxa7 Kxg3 47. Rf7 f4 48. b6 f3 49. b7 Rb2 50. Kd6 f2 51. e6 Rxb7 52. Rxf2 Kxf2 53. e7 Rb8 54.
Kd7 Ke3 55. e8=Q+ Rxe8 56. Kxe8 1/2-1/2

[Event "*** Titled Tuesday Blitz"]
[Site "Chess.com"]
[Date "2021.04.27"]
[Round "11"]
[White "Leonid_Starozhilov"]
[Black "superchess02"]
[Result "0-1"]
[WhiteElo "2684"]
[BlackElo "2795"]
[TimeControl "180+1"]
[EndTime "12:05:05 PDT"]
[Termination "superchess02 won by resignation"]

1. e4 e5 2. Nf3 Nc6 3. Bc4 Bc5 4. d3 Nf6 5. Nc3 h6 6. Be3 Bb6 7. Bxb6 axb6 8. d4 exd4 9. Nxd4 d6 10. O-O O-O 11. Re1 Re8 12. a3 Ra5 13. Nd5 Nxe4 14. Nb5 Qg5 15. Nbxc7 Bg4 16. Qc1 Qf5 17. Qe3 Re5 18.
f3 Nf6 19. Qd3 Qxd3 20. Nxf6+ gxf6 21. cxd3 Bd7 22. f4 Rxe1+ 23. Rxe1 Kf8 24. Nd5 Be6 25.
Nxb6 Nd4 26. Bxe6 fxe6 27. Nc4 Ra6 28. Kf2 b5 29. Ne3 Rc6 30. g4 Nb3 31. h4 Nc5 32. Rd1 e5 33. Ke2 Ne6 34. Nf5 Nxf4+ 35. Kf3 h5 36. gxh5 Nxh5 37. Ng3 Nf4 38. Ne2 Ne6 39.
d4 Rc2 40. dxe5 dxe5 41. b3 f5 42. a4 e4+ 43. Ke3 Rb2 44. axb5 Rxb3+ 45. Kd2 Rxb5 46. Rf1 Ke7 47. Ng3 Nd4 48. Nxe4 fxe4 49. Ke3 Nf5+ 50.
Kf4 e3 51. h5 Kf6 52. Rc1 Rb4+ 53. Kf3 Kg5 54. Rg1+ Kxh5 55. Rg8 Rb2 56. Rh8+ Kg6 57.
Rg8+ Kf6 0-1

[Event "*** Titled Tuesday Blitz"]
[Site "Chess.com"]
[Date "2021.04.27"]
[Round "11"]
[White "Michaelson_11"]
[Black "chessflav"]
[Result "1-0"]
[WhiteElo "2255"]
[BlackElo "2314"]
[TimeControl "180+1"]
[EndTime "12:05:05 PDT"]
[Termination "Michaelson_11 won on time"]

1. e4 c5 2. Nc3 Nc6 3. Bb5 Nd4 4. Nf3 g6 5. Ba4 Bg7 6. O-O e6 7. Nxd4 cxd4 8. Nb5 Qb6 9. c3 d3 10. Qf3 a6 11.
Na3 Qa5 12. Bb3 Nf6 13. Qxd3 O-O 14. Qe2 b5 15. e5 Ne8 16. d4 Bb7 17. Nc2 d6 18. f4 Rd8 19. Be3 Nc7 20. Nb4 h5 21. Nd3 Nd5 22. exd6 Nxe3 23. Qxe3 Rxd6 24. Nc5 Ba8 25.
Ne4 Rdd8 26. Ng5 Qb6 27. Bc2 b4 28. Kh1 bxc3 29. bxc3 Qc6 30. Be4 Qc7 31. Bxa8 Rxa8 32.
Rac1 Rac8 33. c4 Qa5 34. Nxe6 fxe6 35. Qxe6+ Kh7 36. d5 Rce8 37. Qd7 Qxa2 38. f5 Re2 39. fxg6+ Kh6 40. Rxf8 Rxg2 41. Rh8+ Bxh8 42. Qh7+ Kg5 43.
Qe7+ Kxg6 44. Qe4+ Kh6 45. Qxg2 Qxg2+ 46. Kxg2 Be5 47. Rd1 Bd6 48. h4 a5 49. Kf3 a4 50.
Ke4 a3 51. Kf5 1-0

[Event "*** Titled Tuesday Blitz"]
[Site "Chess.com"]
[Date "2021.04.27"]
[Round "11"]
[White "beautroll"]
[Black "Andrakhanova"]
[Result "1-0"]
[WhiteElo "2463"]
[BlackElo "2283"]
[TimeControl "180+1"]
[EndTime "12:05:09 PDT"]
[Termination "beautroll won by resignation"]

1. e4 c5 2. Nf3 e6 3. d4 cxd4 4. Nxd4 Nf6 5. Nc3 Nc6 6. Ndb5 d6 7. Bf4 e5 8. Bg5 a6 9. Na3 b5 10.
Bxf6 gxf6 11. Nd5 f5 12. Bd3 Be6 13. O-O Bg7 14. Qh5 fxe4 15. Bxe4 Rc8 16. Rad1 Ne7 17. Qg5 Kf8 18. Nxe7 Qxe7 19. Qd2 Rd8 20. Bd5 Rg8 21. c4 Bxd5 22. Qxd5 b4 23. Nc2 e4 24. Rfe1 Be5 25. Rxe4 Rg5 26. f4 Bxf4 27. Rxe7 Rxd5 28. Rxf7+ Kxf7 29. Rxd5 Ke6 30. Nxb4 Rb8 31. Nd3 Be3+ 32. Kf1 Bb6 33. Ke2 Rg8 34. g3 Rg4 35. Nf4+ Kd7 36. Kf3 Rg8 37. b3 Re8 38. Rh5 Re7 39. Nd5 Rf7+ 40. Ke4 Bc5 41. Rxh7 Rxh7 42. Nf6+ Ke6 43. Nxh7 a5 44. Ng5+ Kf6 45. Nf3 Kg6 46. g4 Bf2 47. h4 Kf6 48. h5 Bg3 49. g5+ Kg7 50. Kf5 Be1 51. h6+ Kh7 52. Kf6 Bc3+ 53. Kf7 Bb2 54.
Nh4 Bc1 55. g6+ Kxh6 56. g7 1-0

[Event "*** Titled Tuesday Blitz"]
[Site "Chess.com"]
[Date "2021.04.27"]
[Round "11"]
[White "tteshan"]
[Black "SergioGarciaFuentes"]
[Result "0-1"]
[WhiteElo "2248"]
[BlackElo "2353"]
[TimeControl "180+1"]
[EndTime "12:05:09 PDT"]
[Termination "SergioGarciaFuentes won by resignation"]

1. e4 c5 2. c3 d6 3. d4 Nf6 4. dxc5 Nc6 5. cxd6 Nxe4 6. Nf3 Nxd6 7. Be2 g6 8. O-O Bg7 9. Re1 O-O 10. Bg5 f6 11. Be3 Nf5 12. Qb3+ Kh8 13. Bc5 b6 14. Ba3 Re8 15. Nbd2 e5 16. Rad1 Be6 17. Bc4 Na5 18.
Qc2 Nxc4 19. Nxc4 Qc7 20. Nd6 Red8 21. Nxf5 Bxf5 22. Qb3 Rxd1 23. Rxd1 Rd8 24. h3 Rxd1+ 25. Qxd1 Qd7 26. Qxd7 Bxd7 27. Kf1 Kg8 28. Ke2 Bb5+ 29.
Ke1 Bc6 30. Ke2 Bb5+ 31. Ke1 Kf7 32. Nd2 f5 33. c4 Bc6 34. f3 g5 35. Ke2 Ke6 36. b4 h5 37. Bc1 Bf8 38. a3 a5 39.
bxa5 bxa5 40. Nb3 a4 41. Na1 f4 42. Nc2 Kf5 43. Nb4 Bb7 44. Nd3 e4 45. fxe4+ Bxe4 46. Ne1 g4 47. hxg4+ hxg4 48. Bb2 Bc5 49. Bc1 Bd4 50.
Bd2 Bc5 51. Bc1 Ke5 52. Nd3+ Bxd3+ 53. Kxd3 f3 54. g3 Bf2 55. Bf4+ Ke6 56. Kd2 Bc5 57. Kd3 Bxa3 58. Bd2 Bd6 59. Bc1 a3 60. Ke3 a2 61. Bb2 Be5 62. Bxe5 Kxe5 0-1

[Event "*** Titled Tuesday Blitz"]
[Site "Chess.com"]
[Date "2021.04.27"]
[Round "11"]
[White "levallem"]
[Black "LamaChampetre"]
[Result "1-0"]
[WhiteElo "2277"]
[BlackElo "2204"]
[TimeControl "180+1"]
[EndTime "12:05:09 PDT"]
[Termination "levallem won by checkmate"]

1. e4 c5 2. Nf3 g6 3. d4 cxd4 4. Qxd4 Nf6 5. e5 Nc6 6. Qa4 Nd5 7. Qe4 Nb6 8. Nc3 Bg7 9. Bf4 d5 10. exd6 Bf5 11. Qe2 O-O 12. dxe7 Qxe7 13. Qxe7 Bxc3+ 14. bxc3 Nxe7 15. Bd3 Rfe8 16. O-O Rac8 17. Bd2 Red8 18. Nd4 Bxd3 19. cxd3 Na4 20. Rac1 Nd5 21. Bg5 f6 22.
c4 Ndc3 23. Bxf6 Rxd4 24. Bxd4 Ne2+ 25. Kh1 Nxd4 26. Rfe1 Nc5 27. Re5 b6 28. Rd5 Nde6 29. Re1 Nf4 30. Rde5 Nfxd3 31. Re8+ Rxe8 32. Rxe8+ Kf7 33. Ra8 a6 34. Ra7+ Kf6 35. Kg1 h6 36. g3 Nb2 37. Rc7 Nba4 38. Kg2 g5 39. Rc6+ Kg7 40. h4 gxh4 41. gxh4 h5 42. Kg3 Ne4+ 43. Kf4 Nxf2 44. Kg5 Ne4+ 45. Kxh5 b5 46. Rxa6 Nf6+ 47. Kg5 Ne4+ 48.
Kf4 Nec5 49. Ra7+ Kf6 50. cxb5 Ke6 51. h5 Kd5 52. h6 Kc4 53. Rc7 Kb4 54. Kg5 Nd3 55. Kg6 Nac5 56. h7 Kxb5 57. h8=Q Ne5+ 58. Qxe5 Kb6 59. Qxc5+ Ka6 60. Ra7# 1-0